 Dungeon Crawl Stone Soup version 0.28.0 (webtiles) character file.

Game seed: 10898845016148992856

166180 Angani the Fencer (level 17, -13/119 (133) HPs)
             Began as a Yellow Draconian Delver on Feb 14, 2022.
             Was the Champion of Hepliaklqana.
             Mangled by a nagaraja (32 damage)
             ... on level 3 of the Snake Pit on Feb 15, 2022.
             The game lasted 01:42:56 (46279 turns).

Angani the Fencer (Yellow Draconian Delver)        Turns: 46279, Time: 01:42:57

HP:   -13/119 (133) AC: 15    Str: 18    XL:     17   Next: 29%
MP:   24/24         EV: 18    Int: 15    God:    Hepliaklqana [******]
Gold: 785           SH: 10    Dex: 24    Spells: 16/16 levels left

rFire   + . .      SeeInvis +   a - +0 double sword (freeze)
rCold   + . .      Faith    .   K - +2 buckler {reflect}
rNeg    . . .      Spirit   .   (armour unavailable)
rPois   +          Reflect  +   Y - +3 crown of Dyrovepreva {rElec Int+2 SInv}
rElec   +          Harm     .   v - scarf {rC+ rF+}
rCorr   +          Rampage  .   D - +2 pair of gloves {Str+3}
Will    +....                   (no boots)
Stlth   +++++.....              G - amulet of regeneration
HPRegen 1.09/turn               X - +6 ring of dexterity
MPRegen 0.19/turn               g - ring of poison resistance

@: lethally poisoned (-13 -> -17), slowed, constricted, studying 2 skills,
heavily drained, very slow
A: reduced essence, spit acid, AC +9, unfitting armour, acidic bite,
cold-blooded, acid resistance
a: Breathe Acid, Renounce Religion, Recall Ancestor, Ancestor Identity,
Transference, Idealise


You were on level 3 of the Snake Pit.
You worshipped Hepliaklqana.
Hepliaklqana was exalted by your worship.
You visited 5 branches of the dungeon, and saw 28 of its levels.
You also visited: Gauntlet and Ice Cave.

You collected 3040 gold pieces.
You spent 2255 gold pieces at shops.

Inventory:

Hand Weapons
 a - a +0 double sword of freezing (weapon)
 b - the +8 hunting sling "Faacsoho" {venom, Str+2}
   (You found it on level 8 of the Dungeon)

   Any ammunition fired from it poisons the flesh of those it strikes.
   Str:       It affects your strength (+2).
 T - a +7 fustibalus
Missiles
 H - 700 stones (quivered)
 J - 292 sling bullets
Armour
 v - a scarf of resistance (worn)
 D - a +2 pair of gloves of strength (worn)
 K - a +2 buckler of reflection (worn)
 Y - the +3 crown of Dyrovepreva (worn) {rElec Int+2 SInv}
   (You bought it in a shop on level 2 of the Orcish Mines)

   Int:       It affects your intelligence (+2).
   rElec:     It insulates you from electricity.
   SInv:      It lets you see invisible.
Jewellery
 g - a ring of poison resistance (right hand)
 n - a ring of wizardry
 F - a ring of ice
 G - an amulet of regeneration (around neck)
 M - a ring of ice
 X - a +6 ring of dexterity (left hand)
Wands
 f - a wand of digging (1)
 h - a wand of iceblast (2)
 i - a wand of polymorph (21)
 s - a wand of paralysis (11)
 A - a wand of charming (29)
 P - a wand of flame (42)
 U - a wand of acid (10)
Scrolls
 c - 4 scrolls of magic mapping
 d - 2 scrolls of fear
 m - 3 scrolls of teleportation
 q - 3 scrolls of summoning
 r - a scroll of blinking
 t - 3 scrolls of torment
 u - 7 scrolls of immolation
 w - 4 scrolls of holy word
 y - a scroll of enchant weapon
 C - 7 scrolls of amnesia
 I - 5 scrolls of fog
 N - 2 scrolls of enchant armour
Potions
 j - 4 potions of brilliance
 k - 4 potions of lignification
 p - a potion of ambrosia
 x - 2 potions of might
 z - 3 potions of mutation
 B - 4 potions of resistance
 E - 7 potions of curing
 L - 3 potions of cancellation
 O - a potion of heal wounds
 Q - 4 potions of attraction
 S - a potion of magic
 W - 4 potions of flight
Miscellaneous
 l - a condenser vane
 o - a piece from Xom's chessboard (15/15)
 R - a phial of floods
 Z - a tin of tremorstones (2/2)


   Skills:
 - Level 12.7 Fighting
 - Level 16.0 Long Blades
 - Level 14.0 Slings
 - Level 10.7 Dodging
 - Level 10.2 Stealth
 - Level 10.0 Shields
 - Level 10.1 Invocations
 + Level 10.3 Evocations


You had 16 spell levels left.
You didn't know any spells.
Your spell library contained the following spells:

 Spells                   Type           Power      Damage    Failure   Level
 Animate Skeleton         Necr           0%         N/A       32%         1
 Beastly Appendage        Tmut           0%         N/A       32%         1
 Pain                     Necr           0%         1d4       32%         1
 Sandblast                Erth           0%         2d4       32%         1
 Shock                    Conj/Air       0%         1d3       32%         1
 Slow                     Hex            0%         N/A       32%         1
 Sting                    Tmut/Pois      0%         1d3       32%         1
 Blink                    Tloc           0%         N/A       43%         2
 Corpse Rot               Necr/Air       0%         N/A       43%         2
 Ensorcelled Hibernation  Hex/Ice        0%         N/A       43%         2
 Passwall                 Tmut/Erth      0%         N/A       43%         2
 Poisonous Vapours        Pois/Air       0%         N/A       43%         2
 Static Discharge         Conj/Air       0%         N/A       43%         2
 Confusing Touch          Hex            0%         N/A       67%         3
 Conjure Flame            Conj/Fire      0%         6-21      67%         3
 Ignite Poison            Fire/Tmut/Pois 0%         N/A       67%         3
 Lesser Beckoning         Tloc           0%         N/A       67%         3
 Mephitic Cloud           Conj/Pois/Air  0%         N/A       67%         3
 Spider Form              Tmut/Pois      0%         N/A       67%         3
 Stone Arrow              Conj/Erth      0%         3d7       67%         3
 Vampiric Draining        Necr           0%         2d6       67%         3
 Anguish                  Hex/Necr       0%         N/A       97%         4
 Animate Dead             Necr           0%         N/A       97%         4
 Dispel Undead            Necr           0%         3d6       97%         4
 Hailstorm                Conj/Ice       0%         3d3       97%         4
 Ice Form                 Ice/Tmut       0%         N/A       97%         4
 Olgreb's Toxic Radiance  Pois           0%         N/A       97%         4
 Sticky Flame             Conj/Fire      0%         2d3       97%         4
 Summon Lightning Spire   Summ/Air       0%         N/A       97%         4
 Agony                    Necr           0%         N/A       100%        5
 Alistair's Intoxication  Tmut/Pois      0%         N/A       100%        5
 Borgnjor's Vile Clutch   Necr/Erth      0%         N/A       100%        5
 Excruciating Wounds      Necr           0%         N/A       100%        5
 Freezing Cloud           Conj/Ice/Air   0%         6-21      100%        5
 Irradiate                Conj/Tmut      0%         3d13      100%        5
 Lee's Rapid Deconstruct  Erth           0%         3d5*      100%        5
 Lightning Bolt           Conj/Air       0%         1d11      100%        5
 Manifold Assault         Tloc           0%         N/A       100%        5
 Silence                  Hex/Air        0%         N/A       100%        5
 Summon Forest            Summ/Tloc      0%         N/A       100%        5
 Death Channel            Necr           0%         N/A       100%        6
 Simulacrum               Ice/Necr       0%         N/A       100%        6
 Statue Form              Tmut/Erth      0%         N/A       100%        6
 Ozocubu's Refrigeration  Ice            0%         4d5       100%        7
 Ignition                 Fire           0%         3d3       100%        8
 Dragon's Call            Summ           0%         N/A       100%        9
 Animate Armour           Summ/Erth      Unusable   N/A       N/A         4

Dungeon Overview and Level Annotations

Branches:
Dungeon (15/15)            Temple (1/1) D:7            Lair (6/6) D:9
  Swamp (0/4) Lair:4        Snake (4/4) Lair:3        Slime (0/5) Lair:6
    Orc (2/2) D:12            Elf (0/3) Orc:2        Vaults (0/5) D:14
 Depths (0/4) D:15          IceCv (visited)         Gauntlet (visited)

Altars:
Dithmenos
Elyvilon
Hepliaklqana
Makhleb
Ru
Sif Muna
Trog
Uskayaw
Wu Jian
Xom
Zin
The Shining One
Jiyva

Shops:
D:5 =   Orc:2 =*([   Snake:2 **

Annotations:
D:10 2 runed translucent doors, exclusion: 2 doors, hittemvvvhard's ghost, novice TrEn
D:12 Rupert
Lair:3 exclusion: oklob plant
Lair:5 1 runed translucent door, exclusion: door, Bolunijamo's ghost, journeyman GnFi
Lair:6 3 runed translucent doors, exclusion: 3 doors, Totodit's ghost, journeyman GrEE
Snake:4 3 runed translucent doors


Innate Abilities, Weirdness & Mutations

Your life essence is reduced to manifest your ancestor. (-10% HP)
You can spit globs of acid.
Your golden yellow scales are hard. (AC +9)
You cannot fit into any form of body armour.
You have acidic saliva.
You are cold-blooded and may be slowed by cold attacks.
You are resistant to acid. (rCorr)


Message History

You tail-slap the naga mage, but do no damage.
The naga mage is moderately wounded.
You feel sick. The naga mage hits you with a +0 flail!
The naga mage misses you. The naga mage hits you with a +0 flail!
The naga mage grabs you. The naga mage constricts you.
The nagaraja gestures at you while chanting.
The poison arrow misses you.
You slice the naga mage!! You freeze the naga mage.
The naga mage is almost dead.
You feel yourself speed up.
You feel sick.
The naga mage hits you but does no damage.
The naga mage constricts you. The nagaraja misses you.
Unknown command.
You barely miss the naga mage.
You tail-slap the naga mage, but do no damage.
You bite the naga mage, but do no damage.
The naga mage is almost dead.
You feel sick.
The naga mage hits you but does no damage.
The naga mage constricts you.
You barely miss the naga mage.
The naga mage is almost dead.
You feel sick. The naga mage spits poison at you.
The splash of poison hits you but does no damage.
You are more poisoned.
You have difficulty breathing.
You feel yourself slow down. The naga mage constricts you.
You block the nagaraja's attack. You block the naga mage's attack.
The naga mage constricts you.
You completely miss the naga mage.
Your tail-slap misses the naga mage.
You bite the naga mage, but do no damage.
The naga mage is almost dead.
You feel very sick.
The nagaraja looks more healthy.
The naga mage hits you with a +0 flail!
* * * LOW HITPOINT WARNING * * *
The naga mage constricts you.
* * * LOW HITPOINT WARNING * * *
The nagaraja hits you with a +0 whip!!
You die...

#.......## ###.#####..#
###########...# ##.#
#........##..## #.#
#........##..# #.#
#........##..# #.##
#............# #..##
#.......N##.## ##..##
#........@N.##########..##
#........##...............
#........##.###########.##
#........##.# ####.##
###########.# #.....)
####.# #.....) #....#
#...... #....# #......
#....# #......


You could see a nagaraja (strong) and a naga mage (fast, strong, curare).

Vanquished Creatures
  Gastronok (Lair:2)
  The ghost of vinnietd the Tortoise, an adept HaFi of Trog (Snake:2)
  Agnes (D:14)
  Roxanne (Snake:1)
  A nagaraja (Snake:3)
  Aizul (Snake:2)
  An orc warlord (Orc:2)
  A reaper (IceCv)
  A minotaur (Gauntlet)
  6 naga warriors
  11 hydras
  A catoblepas (Lair:6)
  Harold (D:8)
  8 boulder beetles
  An ogre mage (D:15)
  5 anacondas
  2 radroaches (shapeshifter)
  8 two-headed ogres
  4 centaur warriors
  3 tengu warriors
  6 naga sharpshooters
  2 death yaks (Lair:6)
  Urug (Lair:5)
  An orc high priest (Orc:2)
  Sonja (D:11)
  2 shock serpents
  11 skeletal warriors
  3 sixfirhies (Gauntlet)
  2 salamander mystics
  3 wizards
  3 lindwurms
  A shadow dragon zombie (D:15)
  4 naga ritualists
  7 deep elf pyromancers
  A wolf spider (D:14)
  A necromancer (D:15)
  5 ugly things
  2 orc sorcerers (Orc:2)
  4 orc knights (Orc:2)
  8 mana vipers
  5 cyclopes
  A stone giant zombie (D:15)
  A moth of wrath (Snake:3)
  9 salamanders
  18 elephants
  An elephant (shapeshifter) (D:14)
  7 manticores
  Joseph (D:8)
  2 guardian serpents (Snake:3)
  Maurice (D:10)
  31 black mambas
  9 naga magi
  A torpor snail (Lair:6)
  2 ice statues (IceCv)
  A cane toad (shapeshifter) (D:13)
  6 cane toads
  A komodo dragon (shapeshifter) (D:13)
  A rime drake (Lair:6)
  3 efreet
  2 unseen horrors
  6 komodo dragons
  2 ice devils (IceCv)
  A yaktaur (D:15)
  A kobold demonologist (D:14)
  A tengu conjurer (D:14)
  3 entropy weaver simulacra (IceCv)
  An anaconda simulacrum (IceCv)
  2 freezing wraiths (IceCv)
  8 trolls
  A polar bear (Lair:6)
  A hornet (shapeshifter) (D:15)
  11 blink frogs
  A hornet (D:7)
  13 slime creatures
  5 dream sheep (Lair:6)
  A spriggan skeleton (D:15)
  2 wraiths
  A yak (shapeshifter) (D:14)
  A shadow (D:9)
  A vampire (D:14)
  2 spriggans (shapeshifter) (D:13)
  4 wyverns
  2 dire elephant simulacra (IceCv)
  A steam dragon (D:7)
  8 basilisks
  49 yaks
  Menkaure (D:4)
  2 wargs
  A neqoxec (Gauntlet)
  27 nagas
  A chaos spawn (Gauntlet)
  Edmund (D:4)
  2 acid dragons
  A harpy simulacrum (IceCv)
  10 water moccasins
  A floating eye (shapeshifter) (Gauntlet)
  27 orc warriors
  A sky beast (D:7)
  A black bear (D:7)
  4 necrophages
  8 ogres
  6 boggarts
  6 centaurs
  A phantom (D:6)
  A kobold brigand (D:7)
  Blork the orc (D:6)
  7 bullfrogs
  A scorpion (shapeshifter) (D:14)
  A scorpion (D:6)
  A two-headed ogre simulacrum (IceCv)
  3 hexers
  Dowan (D:5)
  5 killer bees (D:9)
  3 howler monkeys
  5 centaur zombies
  3 hounds
  A jelly (D:8)
  A centaur skeleton (D:7)
  14 orc priests
  An iguana (D:6)
  15 orc wizards
  A hound skeleton (D:5)
  A gnoll (D:1)
  A howler monkey skeleton (D:7)
  8 adders
  A shadow imp (D:6)
  A white imp (D:8)
  5 ufetubi
  4 worms (D:2)
  A dart slug (D:3)
  41 orcs
  8 ball pythons
  2 endoplasms
  5 giant cockroaches
  5 hobgoblins
  3 jackals (D:1)
  12 kobolds
  6 quokkas
  3 bats
  7 frilled lizards
  5 goblins
  6 rats
650 creatures vanquished.

Vanquished Creatures (collateral kills)
  2 naga warriors (Snake:1)
  2 hydras
  A catoblepas (D:15)
  A boulder beetle (Lair:6)
  3 centaur warriors
  An anaconda (Snake:1)
  A death yak (Lair:6)
  An orc high priest (D:12)
  A naga sharpshooter (Snake:2)
  A salamander mystic (Snake:3)
  A skeletal warrior (D:12)
  A flayed ghost (D:15)
  Pikel (D:6)
  A deep elf zephyrmancer (D:12)
  An orc knight (Orc:2)
  2 ugly things (D:14)
  A necromancer (D:14)
  An orc sorcerer (Orc:1)
  A manticore (D:15)
  5 elephants
  A frost giant zombie (D:15)
  A naga mage (Snake:4)
  3 black mambas
  2 cane toads
  2 rime drakes
  A tengu conjurer (D:14)
  An entropy weaver simulacrum (IceCv)
  2 trolls
  An anaconda simulacrum (IceCv)
  2 ice devils (IceCv)
  2 polar bears
  4 slime creatures
  3 blink frogs
  4 dream sheep (Lair:6)
  Sigmund (D:4)
  10 yaks
  A basilisk (D:14)
  A steam dragon (D:7)
  A chaos spawn (Gauntlet)
  2 wargs
  5 nagas
  A harpy simulacrum (IceCv)
  Duvessa (D:5)
  5 water moccasins
  An acid dragon (D:10)
  2 black bears
  2 ice beasts (D:7)
  A hornet zombie (D:7)
  3 ogres
  2 sky beasts (D:7)
  A necrophage (D:7)
  5 orc warriors
  2 centaurs
  A kobold brigand (D:9)
  2 bullfrogs
  A scorpion (D:7)
  A water moccasin zombie (D:5)
  2 killer bees (D:9)
  3 centaur zombies
  Crazy Yiuf (D:3)
  4 hounds
  3 orc priests
  An iguana (D:5)
  6 orc wizards
  3 adders
  An adder skeleton (D:4)
  8 orcs
  A ball python (D:3)
  2 goblins
  A jackal (D:1)
  4 kobolds
  A quokka (D:1)
151 creatures vanquished.

Vanquished Creatures (others)
  A salamander mystic (Snake:2)
  57 hexers
  An ancestor (D:1)
  105 fungi
  57 plants
  12 withered plants (D:15)
233 creatures vanquished.

Grand Total: 1034 creatures vanquished

Notes
Turn   | Place    | Note
-------+----------+-------------------------------------------
     0 | D:5      | Angani the Draconian Delver began the quest for the Orb.
     0 | D:5      | Reached XP level 1. HP: 19/19 MP: 1/1
    77 | D:5      | Reached XP level 2. HP: 25/27 MP: 2/2
   131 | D:5      | Noticed a necrophage
   151 | D:5      | Killed a necrophage
   152 | D:5      | Reached skill level 3 in Long Blades
   152 | D:5      | Reached XP level 3. HP: 15/34 MP: 3/3
   152 | D:5      | Reached XP level 4. HP: 18/41 MP: 4/4
  1007 | D:1      | Found a faded altar of an unknown god.
  1086 | D:1      | Prayed at the altar of an unknown god.
  1086 | D:1      | Became a worshipper of Hepliaklqana the Forgotten
  1086 | D:1      | Reached * piety under Hepliaklqana
  1326 | D:1      | Reached skill level 5 in Fighting
  1335 | D:1      | Reached XP level 5. HP: 29/43 MP: 5/5
  1488 | D:1      | Reached skill level 4 in Long Blades
  1731 | D:1      | Reached ** piety under Hepliaklqana
  1732 | D:1      | Remembered your ancestor Publia as a hexer
  1893 | D:2      | Found a burning altar of Makhleb.
  3381 | D:3      | Found a runed translucent door.
  3382 | D:3      | Noticed Crazy Yiuf
  3398 | D:3      | Killed Crazy Yiuf
  3399 | D:3      | Reached skill level 1 in Evocations
  3399 | D:3      | Reached XP level 6. HP: 24/51 MP: 6/6
  3765 | D:4      | Noticed Menkaure
  3783 | D:4      | Killed Menkaure
  3784 | D:4      | Reached skill level 5 in Long Blades
  3837 | D:4      | Noticed Edmund
  3861 | D:4      | Killed Edmund
  4156 | D:4      | Reached *** piety under Hepliaklqana
  4179 | D:4      | Noticed Sigmund
  4188 | D:4      | Killed Sigmund
  4189 | D:4      | Your scales start taking on a golden yellow colour.
  4189 | D:4      | Reached XP level 7. HP: 50/57 MP: 7/7
  4189 | D:4      | Gained mutation: You are resistant to acid. (rCorr) [Yellow
                  | Draconian growth]
  4622 | D:5      | Found a shadowy altar of Dithmenos.
  4630 | D:5      | Found an ornate altar of the Wu Jian Council.
  4770 | D:5      | Found Ryruh's One-of-a-Kind Rings.
  5010 | D:5      | Reached skill level 6 in Long Blades
  5205 | D:5      | Noticed Duvessa
  5205 | D:5      | Noticed Dowan
  5211 | D:5      | Killed Duvessa
  5212 | D:5      | Reached XP level 8. HP: 65/65 MP: 8/8
  5216 | D:5      | Killed Dowan
  5497 | D:6      | Reached **** piety under Hepliaklqana
  6300 | D:6      | Noticed Pikel
  6306 | D:6      | Reached skill level 5 in Evocations
  6307 | D:6      | Noticed Blork the orc
  6321 | D:6      | Killed Pikel
  6322 | D:6      | Reached skill level 7 in Long Blades
  6329 | D:6      | Killed Blork the orc
  6330 | D:6      | Reached XP level 9. HP: 48/73 MP: 9/9
  7053 | D:7      | Found a staircase to the Ecumenical Temple.
  7198 | D:7      | Reached skill level 8 in Long Blades
  7258 | D:7      | Noticed a boulder beetle
  7291 | D:7      | Killed a boulder beetle
  7576 | D:7      | Reached ***** piety under Hepliaklqana
  7630 | D:7      | Reached skill level 10 in Fighting
  7646 | Temple   | Entered the Ecumenical Temple
  7799 | D:7      | Found a glowing golden altar of the Shining One.
  7802 | D:7      | Reached XP level 10. HP: 83/83 MP: 10/10
  7808 | D:7      | Reached skill level 9 in Long Blades
  7819 | D:7      | Paralysed by a hornet for 3 turns
  8743 | D:8      | Noticed Harold
  8753 | D:8      | Killed Harold
  8799 | D:8      | Noticed Joseph
  8822 | D:8      | Killed Joseph
  9139 | D:8      | Identified the +8 hunting sling "Faacsoho" {venom, Str+2}
 10833 | D:8      | Reached skill level 10 in Long Blades
 11406 | D:9      | Found a staircase to the Lair.
 11423 | D:9      | Noticed a boulder beetle
 11458 | D:9      | Killed a boulder beetle
 11706 | D:9      | Reached XP level 11. HP: 70/91 MP: 11/11
 12215 | D:9      | Found a bloodstained altar of Trog.
 12216 | D:9      | Found a glowing silver altar of Zin.
 12217 | D:9      | Found a white marble altar of Elyvilon.
 12217 | D:9      | Found a shimmering altar of Xom.
 12219 | D:9      | Found a burning altar of Makhleb.
 12523 | D:9      | Found a shimmering blue altar of Sif Muna.
 12824 | D:10     | Entered Level 10 of the Dungeon
 13006 | D:10     | Noticed Maurice
 13010 | D:10     | Killed Maurice
 13529 | D:10     | Noticed a two-headed ogre
 13549 | D:10     | Killed a two-headed ogre
 13771 | D:10     | Found a runed translucent door.
 13775 | D:10     | Noticed a skeletal warrior
 13857 | D:10     | Noticed a skeletal warrior
 13858 | D:10     | Noticed an ogre mage
 13858 | D:10     | Noticed an ettin
 13859 | D:10     | Noticed a skeletal warrior
 13859 | D:10     | Noticed a necromancer
 13859 | D:10     | Noticed a lich
 13860 | D:10     | Noticed hittemvvvhard's ghost (novice TrEn)
 13862 | D:10     | Found a runed translucent door.
 13955 | D:10     | Reached skill level 10 in Evocations
 14246 | D:10     | Reached skill level 11 in Long Blades
 14489 | D:11     | Noticed Sonja
 14491 | D:11     | Killed Sonja
 14492 | D:11     | Reached skill level 5 in Stealth
 14666 | D:11     | Noticed a boulder beetle
 14697 | D:11     | Killed a boulder beetle
 15067 | D:11     | Noticed a two-headed ogre
 15074 | D:11     | Killed a two-headed ogre
 15230 | D:10     | Reached skill level 5 in Dodging
 15540 | D:11     | Noticed a white ugly thing
 15599 | D:10     | Killed a white ugly thing
 15600 | D:10     | Reached XP level 12. HP: 49/100 MP: 12/12
 16126 | D:11     | Reached skill level 12 in Long Blades
 16666 | D:12     | Got the Incunabulum of Plaster Cramp
 16703 | D:12     | Got the Catalogue of Sand
 16725 | D:12     | Noticed Rupert
 17170 | D:12     | Found a staircase to the Orcish Mines.
 17319 | Lair:1   | Entered Level 1 of the Lair of Beasts
 17347 | Lair:1   | Identified a scroll of acquirement
 17347 | Lair:1   | Acquired a manual of Invocations
 17409 | Lair:1   | Noticed a four-headed hydra
 17422 | Lair:1   | Killed a four-headed hydra
 18241 | Lair:1   | Noticed a four-headed hydra
 18284 | Lair:1   | Killed a four-headed hydra
 18288 | Lair:1   | Reached skill level 13 in Long Blades
 19372 | Lair:2   | Noticed Gastronok
 19373 | Lair:2   | Noticed a four-headed hydra
 19468 | Lair:2   | Killed a four-headed hydra
 19469 | Lair:2   | Reached XP level 13. HP: 105/105 MP: 13/13
 19603 | Lair:2   | Killed Gastronok
 20385 | Lair:2   | Reached ****** piety under Hepliaklqana
 20472 | Lair:3   | Found a staircase to the Snake Pit.
 20603 | Lair:3   | Found the +1 robe of Vines {NoPotionHeal Regen++++}
 21305 | Lair:3   | Reached skill level 10 in Stealth
 21952 | Lair:4   | Found a frozen archway.
 21963 | IceCv    | Entered an ice cave
 22276 | IceCv    | Reached skill level 14 in Long Blades
 22295 | IceCv    | Reached skill level 1 in Invocations
 23049 | IceCv    | Noticed a reaper
 23065 | IceCv    | Killed a reaper
 23263 | IceCv    | Reached skill level 5 in Invocations
 24690 | Lair:4   | Found a staircase to the Swamp.
 24979 | Lair:5   | You fall into a shaft and drop 1 floor!
 24979 | Lair:6   | Entered Level 6 of the Lair of Beasts
 25107 | Lair:6   | Gained mutation: You have acidic saliva. [Yellow Draconian
                  | growth]
 25107 | Lair:6   | Reached XP level 14. HP: 94/112 MP: 19/19
 25471 | Lair:6   | Identified the +6 short sword of Miantor {spect, rPois}
 25494 | Lair:6   | Reached skill level 10 in Dodging
 25690 | Lair:6   | Found a staircase to the Slime Pits.
 25691 | Lair:6   | Found a viscous altar of Jiyva.
 26103 | Lair:6   | Noticed Nessos
 26248 | Lair:6   | Noticed Nessos
 26248 | Lair:6   | Nessos changed into Nessos the elephant
 26254 | Lair:6   | Killed Nessos the elephant
 26836 | Lair:6   | Found a runed translucent gate.
 26836 | Lair:6   | Found a runed translucent gate.
 26836 | Lair:6   | Found a runed translucent gate.
 26836 | Lair:6   | Found a viscous altar of Jiyva.
 26836 | Lair:6   | Noticed an acid blob
 26836 | Lair:6   | Noticed an azure jelly
 26836 | Lair:6   | Noticed an acid blob
 26836 | Lair:6   | Noticed an azure jelly
 26836 | Lair:6   | Noticed Totodit's ghost (journeyman GrEE)
 26836 | Lair:6   | Noticed an acid blob
 26836 | Lair:6   | Noticed an acid blob
 26837 | Lair:6   | Noticed an acid blob
 26942 | Lair:5   | Found a runed translucent door.
 26942 | Lair:5   | Noticed Bolunijamo's ghost (journeyman GnFi)
 27012 | Lair:5   | Noticed Urug
 27023 | Lair:5   | Killed Urug
 28335 | Lair:6   | Reached skill level 15 in Long Blades
 28492 | Lair:6   | Reached skill level 10 in Invocations
 29926 | Lair:6   | Got the Disquisition on Lethal Sinister Secrets
 30463 | D:12     | Got Sif Muna's Volume of Dhcmrlchtdj
 31033 | D:12     | Reached skill level 16 in Long Blades
 31179 | D:12     | Reached skill level 1 in Slings
 31389 | Orc:1    | Entered Level 1 of the Orcish Mines
 32091 | Orc:1    | Paralysed by an orc sorcerer for 2 turns
 32402 | Orc:2    | Entered Level 2 of the Orcish Mines
 32410 | Orc:2    | Noticed an orc warlord
 32484 | Orc:2    | Found a staircase to the Elven Halls.
 32484 | Orc:2    | Found Romnynwi's Antique Weapon Shop.
 32497 | Orc:2    | Found Wuzior's Antique Armour Shop.
 32507 | Orc:2    | Found Wexzobra's General Store.
 33590 | Orc:2    | Reached XP level 15. HP: 93/120 MP: 22/22
 33889 | Orc:2    | Killed an orc warlord
 34117 | Orc:2    | Reached skill level 1 in Shields
 34295 | Orc:2    | Bought a scroll of enchant weapon for 135 gold pieces
 34342 | Orc:2    | Paralysed by an orc sorcerer for 4 turns
 34385 | Orc:2    | Found Guidgh's Jewellery Emporium.
 34671 | Orc:2    | Bought the +3 crown of Dyrovepreva {rElec Int+2 SInv} for
                  | 1490 gold pieces
 34671 | Orc:2    | Found the +3 crown of Dyrovepreva {rElec Int+2 SInv}
 34969 | Orc:2    | Bought a glowing double sword for 630 gold pieces
 35295 | D:13     | Identified the +4 ring mail of Proximity {Rampage *Corrode
                  | rN+ Int+5}
 35688 | D:13     | Reached skill level 5 in Slings
 37280 | D:14     | Reached skill level 5 in Shields
 37666 | D:14     | Found the +8 orange crystal plate armour {Archmagi, Int+3
                  | Clar}
 37690 | D:14     | Got the Grimoire of Creative Flight
 37734 | D:14     | Noticed Agnes
 37779 | D:14     | Killed Agnes
 38215 | D:14     | Identified the ring "Ashyel" {Str+8 Dex-3 SInv}
 38779 | D:14     | Found a gate to the Vaults.
 39276 | D:15     | Entered Level 15 of the Dungeon
 39429 | D:15     | Reached XP level 16. HP: 88/126 MP: 23/23
 39491 | D:15     | Found a gate leading to a gauntlet.
 39497 | Gauntlet | Entered a Gauntlet
 39497 | Gauntlet | Found a runed translucent door.
 39497 | Gauntlet | Found a transporter.
 39497 | Gauntlet | Found a transporter.
 39497 | Gauntlet | Found a runed translucent door.
 39497 | Gauntlet | Found a transporter.
 39758 | Gauntlet | Found a transporter.
 39768 | Gauntlet | Found a transporter.
 39771 | Gauntlet | Found a transporter.
 39779 | Gauntlet | Found a transporter.
 39782 | Gauntlet | Found a transporter.
 39790 | Gauntlet | Found a transporter.
 39804 | Gauntlet | Found a large runed translucent door.
 39805 | Gauntlet | Found a large runed translucent door.
 39806 | Gauntlet | Found a large runed translucent door.
 39806 | Gauntlet | Found a large runed translucent door.
 39807 | Gauntlet | Found a runed translucent gate.
 39808 | Gauntlet | Found a transporter.
 39808 | Gauntlet | Found a runed translucent gate.
 39809 | Gauntlet | Found a runed translucent gate.
 39810 | Gauntlet | Found a large runed translucent door.
 39810 | Gauntlet | Found a large runed translucent door.
 39811 | Gauntlet | Found a large runed translucent door.
 39812 | Gauntlet | Found a large runed translucent door.
 39821 | Gauntlet | Found a large runed translucent door.
 39821 | Gauntlet | Found a large runed translucent door.
 39821 | Gauntlet | Found a runed translucent door.
 39821 | Gauntlet | Found a runed translucent door.
 39822 | Gauntlet | Found a large runed translucent door.
 39823 | Gauntlet | Found a large runed translucent door.
 39825 | Gauntlet | Found a transporter.
 39828 | Gauntlet | Found a transporter.
 39889 | Gauntlet | Found a large runed translucent door.
 39890 | Gauntlet | Found a large runed translucent door.
 39891 | Gauntlet | Found a large runed translucent door.
 39891 | Gauntlet | Found a large runed translucent door.
 41271 | D:15     | Found a staircase to the Depths.
 41740 | Snake:1  | Entered Level 1 of the Snake Pit
 42008 | Lair:3   | Reached skill level 10 in Shields
 42082 | Snake:1  | Reached skill level 10 in Slings
 42500 | Snake:1  | Found a sacrificial altar of Ru.
 42817 | Snake:1  | Identified Roxanne's Grimoire of Shape Shifting
 42817 | Snake:1  | Noticed Roxanne
 42962 | Snake:1  | Killed Roxanne
 43034 | Snake:2  | Noticed Aizul
 43054 | Snake:2  | Killed Aizul
 43176 | Snake:2  | Found Mietwael's Specific Store.
 43176 | Snake:2  | Found Saggeuch's General Store.
 44702 | Snake:2  | Reached XP level 17. HP: 133/133 MP: 24/24
 45096 | Snake:3  | Noticed vinnietd's ghost (adept HaFi)
 45097 | Snake:3  | Found a transporter.
 45102 | Snake:3  | Found a transporter.
 45633 | Snake:2  | Killed vinnietd's ghost
 45870 | Snake:3  | Identified the amulet of Creativity {Faith rN+}
 45985 | Snake:4  | Entered Level 4 of the Snake Pit
 46113 | Snake:4  | Found a runed translucent gate.
 46113 | Snake:4  | Found a runed translucent gate.
 46113 | Snake:4  | Found a runed translucent gate.
 46279 | Snake:3  | Mangled by a nagaraja

Illustrated notes

Levels and vault maps discovered:
D:1:      lemuel_arrival_hallway, layout_basic,
          hellmonk_ecumenical_altar_pennies_from_heaven, minmay_tromino_v7
D:2:      layout_loops_corners, basic_altar
D:3:      layout_loops_corners, uniq_crazy_yiuf_cottage
D:4:      layout_rooms, grunt_decor_clamped, uniq_edmund, uniq_menkaure,
          uniq_sigmund
D:5:      layout_basic, mainiacjoe_overflow_big_doors,
          nicolae_shop_unique_rings, uniq_duvessa
D:6:      layout_basic, uniq_blork_the_orc, uniq_pikel
D:7:      nzn_winding_woodlands_three_and_one
          [nzn_winding_woodlands_5x15_jagged, nzn_winding_woodlands_5x15_zeroes,
          nzn_winding_woodlands_5x15_garden,
          nzn_winding_woodlands_center_garden], layout_rooms,
          nicolae_overflow_hidden_temple, temple_pool_b
D:8:      layout_gridville, chequers_serial_rivers_room_a, uniq_joseph,
          uniq_harold
D:9:      layout_irregular_city, grunt_temple_overflow_open,
          kennysheep_little_box, erik_lair_orcish_takeover, serial_column_ruins,
          column_ruins_hut, column_ruins_columns_corner, column_ruins_open_tiny,
          column_ruins_columns_straight, column_ruins_open_small,
          column_ruins_corridor_corner, eino_jars
D:10:     layout_basic, muffindrake_ghost_dual_entry, minmay_misc_feat_roman,
          uniq_maurice
D:11:     layout_roguey, kennysheep_small_square, uniq_sonja
D:12:     layout_roguey, orc_0_dummy, bh_hangedman_babel_library, uniq_rupert
D:13:     layout_cave_pools, lightli_corner_chamber
D:14:     minmay_the_grid_octo_tiled_octocenter [minmay_the_grid_octo_checkered,
          minmay_the_grid_octo_thin_diamonds, minmay_the_grid_octo_focus,
          minmay_the_grid_octo_checkerflower,
          minmay_the_grid_octo_prize_ultimate_mussel_roller,
          minmay_the_grid_square_5x5_three_small,
          minmay_the_grid_square_5x5_inner_z, minmay_the_grid_square_5x5_plus,
          minmay_the_grid_square_5x5_three], layout_loops_ring, david_vaults_1,
          hangedman_decor_slide_cut, uniq_agnes
D:15:     gammafunk_depths_entry_grave, layout_basic, gauntlet_entry_generic
Temple:   dshaligram_water_room_temple
Lair:1:   layout_cave_pods, chequers_serial_rivers_room_b
Lair:2:   layout_loops_ring, uniq_gastronok
Lair:3:   layout_gridlike, guppyfry_snake_entry_island,
          hellmonk_guarded_unrand_vines
Lair:4:   layout_cellular_growth, swamp_mist, portal_ice_cave_entry_pillars_2
Lair:5:   layout_loops_ring, ebering_ghost_inner_flame, nicolae_lair_lindhole,
          lemuel_fruit_tree, uniq_urug
Lair:6:   hangedman_lair_in_review, layout_small_grid, slime_altar_1,
          gammafunk_ghost_ooze, uniq_nessos
Snake:1:  layout_onion_interference, basic_altar, special_room, uniq_roxanne
Snake:2:  layout_basic, nicolae_specific_store, uniq_aizul
Snake:3:  layout_rooms, gammafunk_ghost_berserking_beasts
Snake:4:  grunt_snake_rune_pools, layout_cave_shapes, nicolae_snake_horde_hoard
Orc:1:    layout_caves
Orc:2:    grunt_orc_gardens, layout_diamond_mine, grunt_orc_garden,
          grunt_orc_garden, grunt_orc_garden, grunt_orc_garden

Skill      XL: |  1  2  3  4  5  6  7  8  9 10 11 12 13 14 15 16 17 |
---------------+----------------------------------------------------+-----
Fighting       | 4 5 6 7 8 10 11 12 | 12.7
Long Blades    | 3 4 5 6 7 8 10 11 13 14 16 | 16.0
Evocations     | 1 3 4 5 7 9 10 | 10.3
Dodging        | 5 7 9 10 | 10.7
Stealth        | 6 9 10 | 10.2
Invocations    | 6 10 | 10.1
Slings         | 3 8 12 14 | 14.0
Shields        | 8 10 | 10.0

Action                   |  1- 3 |  4- 6 |  7- 9 | 10-12 | 13-15 | 16-18 || total
-------------------------+-------+-------+-------+-------+-------+-------++-------
Melee: Falchion          |    20 |   181 |   196 |   430 |       |       ||   827
       Tailslap          |     2 |    19 |    37 |   113 |   285 |   167 ||   623
       Punch             |       |     1 |     7 |    11 |    17 |       ||    36
       Scimitar          |       |       |       |   180 |   249 |       ||   429
       Double sword      |       |       |       |       |   948 |   720 ||  1668
       Bite              |       |       |       |       |   154 |   110 ||   264
 Fire: Hunting sling     |       |       |       |    10 |    95 |    40 ||   145
       Fustibalus        |       |       |       |       |    59 |    30 ||    89
Throw: Dart              |       |       |     6 |     2 |       |       ||     8
       Throwing net      |       |       |       |       |     7 |       ||     7
Invok: Ancestor Identity |       |     1 |       |       |       |       ||     1
       Ancestor Life: He |       |     1 |       |       |       |       ||     1
       Recall Ancestor   |       |     1 |     2 |     6 |    13 |    10 ||    32
       Idealise          |       |       |       |     1 |     1 |     2 ||     4
       Transference      |       |       |       |     1 |     1 |     2 ||     4
 Abil: Breathe Acid      |       |       |    15 |    47 |    79 |    16 ||   157
Evoke: Wand              |       |     4 |     1 |    23 |    33 |     4 ||    65
       Phial of floods   |       |       |       |     1 |     2 |       ||     3
  Use: Scroll            |       |       |     9 |    19 |    19 |     3 ||    50
       Potion            |       |       |     1 |       |     8 |     6 ||    15
 Stab: Sleeping          |       |    22 |     5 |     7 |    11 |    14 ||    59
       Distracted        |       |     3 |     2 |    11 |    27 |    11 ||    54
       Confused          |       |     1 |     4 |    24 |    21 |     7 ||    57
       Paralysed         |       |       |       |    25 |    35 |    31 ||    91
Armor: Skin              |     5 |    48 |    71 |   210 |   238 |   126 ||   698
Dodge: Dodged            |    11 |   102 |   133 |   368 |   768 |   463 ||  1845
Block: Kite shield       |       |       |       |       |   163 |    81 ||   244
       Buckler           |       |       |       |       |       |   272 ||   272
       Reflection        |       |       |       |       |       |    30 ||    30
